 Dungeon Crawl Stone Soup version 0.30.0-29-ga12c61a403 (webtiles) character file.

Game seed: 11291301034420030799

2747 safid the Frost Mage (level 9, 0/74 HPs)
             Began as a Merfolk Ice Elementalist on June 22, 2023.
             Was a Follower of Vehumet.
             Slain by a gargoyle
             ... wielding a +0 morningstar
              (16 damage)
             ... on level 8 of the Dungeon.
             The game lasted 00:15:24 (7859 turns).

safid the Frost Mage (Merfolk Ice Elementalist)     Turns: 7859, Time: 00:15:25

Health: 0/74       AC:  3    Str:  8    XL:     9   Next: 68%
Magic:  16/19      EV: 13    Int: 19    God:    Vehumet [*.....]
Gold:   448        SH:  0    Dex: 14    Spells: 12/22 levels left

rFire   . . .        u - +2 falchion (holy)
rCold   . . .        (no shield)
rNeg    . . .        a - +0 robe
rPois   .            (no helmet)
rElec   .            f - +0 cloak
rCorr   .            (no gloves)
SInv    .            (no boots)
Will    .....        (no amulet)
Stlth   ++           (no ring)
HPRegen 0.32/turn    (no ring)
MPRegen 0.16/turn

%: no passive effects
@: freezing walls
A: (nimble swimmer 2), mertail
a: Renounce Religion


You were on level 8 of the Dungeon.
You worshipped Vehumet.
Vehumet was aware of your devotion.
You visited 2 branches of the dungeon, and saw 9 of its levels.

You collected 448 gold pieces.

Inventory:

Hand Weapons
 u - a +2 falchion of holy wrath (weapon)
Armour
 a - a +0 robe (worn)
 f - a +0 cloak (worn)
 n - a +0 cloak
Jewellery
 r - a ring of ice
 w - a ring of ice
Wands
 c - a wand of acid (11)
 x - a wand of iceblast (4)
Scrolls
 e - 2 scrolls of amnesia
 g - 3 scrolls of teleportation
 i - 2 scrolls of blinking
 j - a scroll of fog {unknown}
 o - 2 scrolls of enchant weapon {unknown}
 q - a scroll of enchant armour {unknown}
 s - a scroll of silence {unknown}
 t - 3 scrolls of fear
Potions
 b - 3 potions of magic
 d - 4 potions of curing
 h - 3 potions of brilliance {unknown}
 k - 6 potions of mutation {unknown}
 l - a potion of might {unknown}
 m - a potion of berserk rage {unknown}
 p - 3 potions of lignification {unknown}
 v - a potion of flight {unknown}


   Skills:
 + Level 7.9 Fighting
 + Level 3.8 Dodging
 - Level 2.1 Stealth
 + Level 7.0 Spellcasting
 + Level 9.3 Ice Magic


You had 12 spell levels left.
You knew the following spells:

 Your Spells              Type           Power      Damage    Failure   Level
a - Freeze                Ice            100%       1d10      1%          1
b - Frozen Ramparts       Ice            84%        1d13      1%          3
c - Ozocubu's Armour      Ice            42%        N/A       1%          3
d - Hailstorm             Conj/Ice       24%        3d7       4%          3

Your spell library contained the following spells:

 Spells                   Type           Power      Damage    Failure   Level
 Searing Ray              Conj           12%        2d4       16%         2
 Slow                     Hex            24%        N/A       10%         1
 Summon Ice Beast         Ice/Summ       24%        N/A       14%         4
 Static Discharge         Conj/Air       12%        2-3/arc   16%         2
 Confusing Touch          Hex            6%         N/A       30%         3
 Inner Flame              Hex/Fire       6%         N/A       30%         3
 Vampiric Draining        Necr           6%         2d6       30%         3
 Airstrike                Air            3%         2d(1-17)  69%         4
 Animate Armour           Summ/Erth      12%        N/A       69%         4
 Flame Wave               Conj/Fire      6%         2d5       69%         4
 Sticky Flame             Conj/Fire      6%         2d3       69%         4
 Summon Lightning Spire   Summ/Air       6%         N/A       69%         4
 Blade Hands              Tmut           3%         N/A       95%         5
 Iron Shot                Conj/Erth      3%         9d2       100%        6


Dungeon Overview and Level Annotations

Branches:
Dungeon (8/15)             Temple (1/1) D:4
   Lair: D:8-11

Altars:
Ashenzari
Dithmenos
Elyvilon
Fedhas
Gozag
Hepliaklqana
Kikubaaqudgha
Makhleb
Nemelex Xobeh
Okawaru
Qazlal
Ru
Sif Muna
Trog
Uskayaw
Vehumet
Wu Jian
Xom
Yredelemnul
Zin

Shops:
D:5 *

Annotations:
D:6 1 runed translucent door, Crazy Yiuf


Innate Abilities, Weirdness & Mutations

((You are very nimble when in or above water. (Stealth+, EV+, Speed+++)))
Your lower body shifts to a powerful aquatic tail in water.


Message History

The wall freezes the killer bee.
The killer bee stings you but does no damage.
The wall freezes the killer bee.
You kill the killer bee!
Vehumet accepts your kill.
The wall freezes the killer bee.
The killer bee closely misses you.
The wall freezes the killer bee.
You kill the killer bee!
Vehumet accepts your kill.
Vehumet offers you knowledge of Searing Ray.
You feel your power returning.
Your icy armour cracks and falls away as you move.
The frozen ramparts melt away as you move.
You feel very sick.
You feel sick.
You feel sick.
You feel sick.
You feel sick.
You feel sick.
You feel sick.
You feel sick.
You are no longer poisoned.
You hear the faint creaking of a very distant portcullis.
A gargoyle comes into view. It is wielding a +0 morningstar.
The gargoyle hurls a stone arrow at you.
The stone arrow hits you!!
The gargoyle hurls a stone arrow at you.
The stone arrow hits you!!
The gargoyle hurls a stone arrow at you.
The stone arrow hits you!
* * * LOW HITPOINT WARNING * * *
Unknown command.
Casting: Ozocubu's Armour (safe; 1% risk of failure)
Confirm with . or Enter, or press ? or * to list all spells.
Casting: Frozen Ramparts (safe; 1% risk of failure)
Press: ? - help, Dir - look around, f - activate The walls around you are covered in ice.
The wall freezes the gargoyle but does no damage.
The gargoyle hits you with a +0 morningstar!
You die...

..........†...<......#.#
...........#####.###.#.#
...........#####.# #.#.#
...#######.#.....# #.#.#
## ###.#.##### #.#.#
..#.#.# #.#.#
#.#.#.#######.#.##
#9#.#............#
#@#.........#.####
#.#.#######.#.# #.###
#.#.# #.# #.#.# #.#
#.#.# ##########.# #.#.#
#..........# #<#.#
#.####################.#
#......................#


You could see a gargoyle.

Vanquished Creatures
  Maggie (D:7)
  2 water moccasins (D:7)
  A black bear (D:7)
  2 sky beasts
  2 ogres
  A centaur (D:6)
  2 phantoms (D:5)
  The ghost of Drain the Conjurer, an amateur OpCj (D:4)
  A bullfrog (D:6)
  A gnoll sergeant (D:5)
  3 scorpions
  5 killer bees (D:8)
  3 hounds
  5 jellies
  4 orc priests
  A sleepcap (D:4)
  A gnoll bouda (D:7)
  6 iguanas
  5 orc wizards
  10 gnolls
  9 adders
  A shadow imp (D:6)
  A worm (D:2)
  4 dart slugs
  17 orcs
  13 ball pythons
  4 bats
  4 endoplasms
  4 giant cockroaches
  14 hobgoblins
  7 jackals
  6 quokkas
  3 frilled lizards
  12 goblins
  8 kobolds
  7 rats
171 creatures vanquished.

Notes
Turn   | Place    | Note
-------+----------+-------------------------------------------
     0 | D:1      | safid the Merfolk Ice Elementalist began the quest for the
                  | Orb.
     0 | D:1      | Reached XP level 1. HP: 13/13 MP: 3/3
   157 | D:1      | Reached XP level 2. HP: 20/20 MP: 5/5
   257 | D:1      | Reached skill level 1 in Fighting
   550 | D:1      | Reached XP level 3. HP: 14/26 MP: 0/6
  1332 | D:2      | Reached skill level 5 in Ice Magic
  1435 | D:2      | Reached XP level 4. HP: 30/33 MP: 5/8
  1482 | D:2      | Learned a level 3 spell: Frozen Ramparts
  1486 | D:2      | Learned a level 3 spell: Ozocubu's Armour
  1646 | D:2      | Identified the +11 spear of Daifam {heavy, rC- Dex+6
                  | Stlth+}
  2091 | D:3      | Found a sacrificial altar of Ru.
  2143 | D:3      | Reached XP level 5. HP: 33/39 MP: 6/9
  2943 | D:4      | Found a runed translucent door.
  2946 | D:4      | Noticed Drain's ghost (amateur OpCj)
  3099 | D:4      | Reached XP level 6. HP: 33/47 MP: 4/11
  3261 | D:4      | Reached skill level 6 in Ice Magic
  3270 | D:4      | HP: 2/48 [poisoned by a scorpion]
  3513 | D:4      | Found a shimmering blue altar of Sif Muna.
  3787 | D:4      | Found a staircase to the Ecumenical Temple.
  3792 | Temple   | Entered the Ecumenical Temple
  3866 | Temple   | Became a worshipper of Vehumet
  3996 | D:4      | Reached XP level 7. HP: 54/54 MP: 3/13
  4247 | D:4      | Killed Drain's ghost
  4313 | D:5      | Entered Level 5 of the Dungeon
  4700 | D:5      | Reached skill level 5 in Fighting
  4792 | D:5      | Reached skill level 7 in Ice Magic
  4889 | D:5      | Reached skill level 5 in Spellcasting
  4889 | D:5      | Reached XP level 8. HP: 19/62 MP: 7/15
  4891 | D:5      | Reached * piety under Vehumet
  4891 | D:5      | Offered knowledge of Shock by Vehumet.
  5512 | D:5      | Found Lacik's Neck Hole.
  5797 | D:6      | Reached skill level 8 in Ice Magic
  6301 | D:6      | Reached XP level 9. HP: 64/71 MP: 11/18
  6456 | D:6      | Found a runed translucent door.
  6457 | D:6      | Noticed Crazy Yiuf
  6927 | D:7      | Noticed Maggie
  6944 | D:7      | Killed Maggie
  7207 | D:7      | Reached skill level 9 in Ice Magic
  7256 | D:7      | Learned a level 3 spell: Hailstorm
  7798 | D:8      | Offered knowledge of Searing Ray by Vehumet.
  7854 | D:8      | Noticed a gargoyle
  7859 | D:8      | Slain by a gargoyle

Illustrated notes

Levels and vault maps discovered:
D:1:      psy_arrival_statuary, layout_basic
D:2:      layout_basic
D:3:      layout_loops_corners, mainiacjoe_overflow_boulevard,
          kennysheep_generic_room_7
D:4:      layout_cave_pools, nicolae_sif_muna_condensation, temple_doors_e,
          ebering_ghost_sewer_d, st_stairs_6, minmay_vboxes
D:5:      layout_gridville, st_stairs_4, nicolae_shop_sticking_my_neck_out
D:6:      layout_cave_pools, uniq_crazy_yiuf_cottage
D:7:      layout_basic, uniq_maggie
D:8:      layout_basic, nicolae_overflow_crystal_walls, enter_bailey_7,
          kennysheep_windowed_goal, uniq_amaemon, uniq_grum
Temple:   nicolae_temple_bog_church

Skill      XL: |  1  2  3  4  5  6  7  8  9 |
---------------+----------------------------+-----
Fighting       | 1 2 3 4 5 6 7 |  7.9
Ice Magic      | 5 6 7 8 9 |  9.3
Spellcasting   | 3 4 5 6 7 |  7.0
Dodging        | 3 |  3.8
Stealth        | |  2.1

Action                     |  1- 3 |  4- 6 |  7- 9 || total
---------------------------+-------+-------+-------++-------
  Melee: Dagger            |    64 |   119 |    12 ||   195
         Punch             |       |     1 |       ||     1
         Falchion          |       |       |    97 ||    97
   Cast: Freeze            |    45 |    56 |    42 ||   143
         Frozen Ramparts   |       |     8 |    28 ||    36
         Ozocubu's Armour  |       |     2 |    17 ||    19
         Hailstorm         |       |       |     1 ||     1
    Use: Scroll            |       |       |     7 ||     7
   Stab: Sleeping          |     5 |     6 |     1 ||    12
         Distracted        |       |       |     1 ||     1
 Armour: Robe              |    13 |    33 |    54 ||   100
  Dodge: Dodged            |    53 |    96 |   107 ||   256
